 Dungeon Crawl Stone Soup version 0.21-a0-525-ga34b322b0b (webtiles) character file.

95 Sunsnapper the Ducker (level 4, -1/35 HPs)
             Began as a Merfolk Monk on Dec 6, 2017.
             Killed from afar by Ijyb (8 damage)
             ... with a wand of flame (32)
             ... on level 3 of the Dungeon on Dec 7, 2017.
             The game lasted 00:15:42 (3043 turns).

Sunsnapper the Ducker (Merfolk Monk)                Turns: 3043, Time: 00:15:43

Health: -1/35      AC:  3    Str: 11    XL:     4   Next: 66%
Magic:  4/4        EV: 15    Int:  9    God:
Gold:   192        SH:  0    Dex: 17    Spells: 3/3 levels left

rFire    . . .     SeeInvis .     - Unarmed
rCold    . . .     Gourm    .   (no shield)
rNeg     . . .     Faith    .   a - +0 robe
rPois    .         Spirit   .   (no helmet)
rElec    .         Reflect  .   (no cloak)
rCorr    .         Harm     .   l - +0 pair of gloves
MR       .....                  (no boots)
Stlth    ++........             (no amulet)
HPRegen  0.11/turn              (no ring)
MPRegen  0.09/turn              (no ring)

@: no status effects
A: change form in water, swift swim, stealthy swim
a: no special abilities


You were on level 3 of the Dungeon.
You were not hungry.

You visited 1 branch of the dungeon, and saw 3 of its levels.

You collected 192 gold pieces.

Inventory:

Missiles
 i - 4 tomahawks (quivered)
Armour
 a - a +0 robe (worn)
 l - a +0 pair of gloves (worn)
Jewellery
 g - an uncursed amulet of harm {unknown}
Scrolls
 d - 5 scrolls of remove curse {unknown}
 e - 7 scrolls of identify {unknown}
 j - a scroll of enchant armour {unknown}
 k - 2 scrolls of teleportation {unknown}
 m - a scroll of fog {unknown}
 o - a scroll of magic mapping {unknown}
 p - a scroll of immolation {unknown}
 s - a scroll of noise {unknown}
Potions
 c - 2 potions of curing
 n - a potion of magic {unknown}
Books
 r - a book of Cantrips

   Spells                             Type                      Level
   a - Confusing Touch                Hexes                        1
   b - Animate Skeleton               Necromancy                   1
   c - Summon Small Mammal            Summoning                    1
   d - Apportation                    Translocation                1
Comestibles
 b - 3 bread rations
 f - 2 royal jellies
 h - 3 meat rations
 q - a chunk of flesh


   Skills:
 - Level 3.2 Fighting
 + Level 5.1 Dodging
 - Level 2.1 Stealth
 * Level 5.1 Unarmed Combat


You had 3 spell levels left.
You didn't know any spells.

Dungeon Overview and Level Annotations

Branches:
Dungeon (3/15)

Altars:
Elyvilon
Fedhas
Yredelemnul

Annotations:
D:3 Ijyb


Message History

You see here a stone.
The kobold throws a stone.
The stone barely misses you.
You see here a stone.
Ijyb drinks a potion.
Ijyb suddenly seems more agile.
You start resting.
Ijyb zaps a wand.
The puff of flame misses you.
It is a wand of flame (35).
Ijyb barely misses you.
You closely miss Ijyb.
The kobold throws a stone.
The stone hits you but does no damage. Ijyb barely misses you.
You hit Ijyb.
Ijyb is lightly wounded.
The kobold throws a stone.
The stone barely misses you.
Ijyb screams, "Level is mine!
All mine!"
Ijyb zaps a wand.
The puff of flame hits you!
Ijyb screams, "Level is mine!
All mine!"
Ijyb zaps a wand.
The puff of flame misses you.
Ijyb zaps a wand.
The puff of flame hits you!
* * * LOW HITPOINT WARNING * * *
Ijyb zaps a wand.
The puff of flame hits you!
You die...

...#######...........##########..
.....).............### ##.
....#####.#####(.....## #. ...
##..# #K#..#..### #. .. ##..##
#g##.##...### #. . ##..##
#..#........# #. #g.##
##.#####.##.# #. #K## #.#
#..#.### ## #(#
#@######.#...##### #.#
#...)###.###...... #g#
####..##..#######. #.# ##(.##.##
## .K# ##.##..# # .... #(###.###
.........## #.###...####
.........%# #..........#
........... #.(........#


You could see Ijyb and a kobold.

Vanquished Creatures
  3 adders (D:2)
  2 worms (D:2)
  A dart slug (D:2)
  A leopard gecko (D:1)
  3 orcs (D:3)
  2 giant cockroaches
  8 goblins
  9 hobgoblins
  2 jackals (D:1)
  2 quokkas (D:3)
  7 bats
  4 frilled lizards
  5 kobolds
  A leopard gecko zombie (D:3)
  3 rats
53 creatures vanquished.

Notes
Turn   | Place    | Note
-------+----------+-------------------------------------------
     0 | D:1      | Sunsnapper the Merfolk Monk began the quest for the Orb.
     0 | D:1      | Reached XP level 1. HP: 18/18 MP: 1/1
   388 | D:1      | Reached XP level 2. HP: 24/24 MP: 2/2
  1245 | D:2      | Found a white marble altar of Elyvilon.
  1272 | D:2      | HP: 1/24 [poisoned by an adder]
  1273 | D:2      | Reached XP level 3. HP: 2/29 MP: 3/3
  1285 | D:2      | Upgraded the game from 0.21-a0-522-ga8338f09a8 to 0.21-a0-525-ga34b322b0b
  1783 | D:2      | Found a blossoming altar of Fedhas.
  1783 | D:2      | Found a basalt altar of Yredelemnul.
  2064 | D:3      | Noticed Ijyb
  2265 | D:2      | Reached XP level 4. HP: 25/35 MP: 4/4
  2613 | D:3      | Reached skill level 5 in Dodging
  2699 | D:3      | Reached skill level 5 in Unarmed Combat
  3043 | D:3      | Killed from afar by Ijyb

Vault maps used:
D:1:      mushboom_english_gardens
D:2:      lemuel_crystal_altar, amethyst_overflow_temple_binary
D:3:      first_bread, uniq_ijyb

Skill      XL: |  1  2  3  4 |
---------------+-------------+-----
Unarmed Combat | 4 5 |  5.1
Dodging        | 5 |  5.1
Fighting       | |  3.2
Stealth        | |  2.1

Action                   |  1- 3 |  4- 6 || total
-------------------------+-------+-------++-------
Melee: Unarmed           |   157 |    93 ||   250
       Punch             |     1 |     2 ||     3
  Use: Potion            |     1 |       ||     1
 Stab: Sleeping          |     3 |     3 ||     6
  Eat: Chunk             |     3 |     2 ||     5
       Royal jelly       |       |     1 ||     1
Armor: Robe              |    25 |    11 ||    36
Dodge: Dodged            |   121 |    64 ||   185

Table legend:
 A = Spawn XP
 B = Non-spawn XP
 C = Spawn XP percentage of total XP
 D = Spawn monster count
 E = Non-spawn monster count
 F = Spawn count percentage of total count
 G = Total turns spent on level
                    A         B        C        D         E        F      G
               +---------+---------+-------+---------+---------+-------+---------
         Total |       0 |     137 |   0.0 |       0 |      53 |   0.0 |  3043
               +---------+---------+-------+---------+---------+-------+---------
           D:1 |       0 |      29 |   0.0 |       0 |      16 |   0.0 |  1211
           D:2 |       0 |      72 |   0.0 |       0 |      18 |   0.0 |  1393
           D:3 |       0 |      36 |   0.0 |       0 |      19 |   0.0 |   439
               +---------+---------+-------+---------+---------+-------+---------
